 Dungeon Crawl Stone Soup version 0.28.0-45-g0d030f2227 (webtiles) character file.

Game seed: 1136353829653261213

1699 crimpus the Protected (level 8, 0/74 HPs)
             Began as a Minotaur Fighter on Apr 16, 2022.
             Was an Initiate of Wu Jian.
             Succumbed to a killer bee's poison
             ... on level 7 of the Dungeon.
             The game lasted 00:08:11 (6755 turns).

crimpus the Protected (Minotaur Fighter)            Turns: 6755, Time: 00:08:12

Health: 0/74       AC: 24    Str: 23    XL:     8   Next: 73%
Magic:  7/7        EV:  7    Int:  5    God:    Wu Jian [......]
Gold:   256        SH:  5    Dex: 10    Spells: 7/7 levels left

rFire   . . .      SeeInvis .   l - +2 mace (protect)
rCold   . . .      Faith    .   c - +0 buckler
rNeg    . . .      Spirit   .   j - +0 plate armour
rPois   .          Reflect  .   (helmet restricted)
rElec   .          Harm     .   n - +0 cloak
rCorr   .          Rampage  .   i - +0 pair of gloves
Will    .....                   (no boots)
Stlth   ..........              (no amulet)
HPRegen 0.22/turn               (no ring)
MPRegen 0.10/turn               (no ring)

@: lethally poisoned (0 -> -8), under a protective aura
A: horns 2, retaliatory headbutt
a: Renounce Religion


You were on level 7 of the Dungeon.
You worshipped Wu Jian.
Wu Jian was noncommittal.
You visited 1 branch of the dungeon, and saw 7 of its levels.

You collected 256 gold pieces.

Inventory:

Hand Weapons
 a - a +1 war axe
 l - a +2 mace of protection (weapon)
Armour
 c - a +0 buckler (worn)
 i - a +0 pair of gloves (worn)
 j - a +0 plate armour (worn)
 n - a +0 cloak (worn)
Jewellery
 m - a ring of ice
Scrolls
 e - 3 scrolls of enchant weapon
 k - a scroll of fear
 p - 2 scrolls of identify
Potions
 b - 2 potions of haste
 d - 2 potions of might
 f - 3 potions of cancellation
 g - a potion of degeneration
 h - a potion of brilliance
 o - a potion of lignification {unknown}


   Skills:
 + Level 8.3 Fighting
 - Level 2.7 Axes
 + Level 9.8 Armour
 + Level 2.2 Dodging
 + Level 6.7 Shields


You had 7 spell levels left.
You didn't know any spells.
Your spell library contained the following spells:

 Spells                   Type           Power      Damage    Failure   Level
 Scorch                   Fire           0%         2d5       100%        2
 Tukima's Dance           Hex            0%         N/A       100%        3
 Flame Wave               Conj/Fire      0%         2d4       100%        4
 Passage of Golubria      Tloc           0%         N/A       100%        4
 Yara's Violent Unravell  Hex/Tmut       0%         3d3       100%        5
 Summon Cactus Giant      Summ           0%         N/A       100%        6


Dungeon Overview and Level Annotations

Branches:
Dungeon (7/15)             Temple (0/1) D:6

Altars:
Dithmenos
Hepliaklqana
Wu Jian
Zin

Shops:
D:1 !   D:6 =


Innate Abilities, Weirdness & Mutations

You have a pair of horns on your head.
You reflexively headbutt those who attack you in melee.


Message History

You closely miss the killer bee. Your headbutt misses the killer bee.
The killer bee is severely wounded.
You feel very sick.
The killer bee stings you but does no damage. x2
The killer bee misses you. You furiously retaliate!
You headbutt the killer bee.
The killer bee stings you but does no damage. x3
You closely miss the killer bee.
The killer bee is severely wounded.
You feel sick.
The killer bee stings you but does no damage. x3
The killer bee barely misses you. You furiously retaliate!
You headbutt the killer bee, but do no damage.
The killer bee stings you!
* * * LOW HITPOINT WARNING * * *
You block the killer bee's attack.
You completely miss the killer bee.
The killer bee is severely wounded.
You feel sick.
The killer bee stings you but does no damage.
The killer bee stings you!
* * * LOW HITPOINT WARNING * * *
You are lethally poisoned!
The killer bee poisons you! The killer bee barely misses you. x2
You furiously retaliate!
You headbutt the killer bee! You barely miss the killer bee.
Your headbutt misses the killer bee.
The killer bee is severely wounded.
* * * LOW HITPOINT WARNING * * *
You feel very sick. The killer bee closely misses you.
The killer bee stings you but does no damage.
The killer bee stings you.
* * * LOW HITPOINT WARNING * * *
The killer bee barely misses you. You block the killer bee's attack.
The killer bee stings you but does no damage.
Unknown command.
You hit the killer bee.
Your weapon exudes an aura of protection.
The killer bee is almost dead.
You die...

..... .... ...
#..## ## #...#
.#.$#...#
....##..##
.......@.#
......yy.#
...##....##
#......?..##
........<.)####
..............#
#.............#
###...........#
#............#


You could see 2 killer bees.

Vanquished Creatures
  A water moccasin (D:7)
  A hornet zombie (D:6)
  2 necrophages
  4 ogres
  2 phantoms (D:5)
  2 bullfrogs
  A gnoll sergeant (D:6)
  A scorpion (D:6)
  A killer bee (D:7)
  A bullfrog zombie (D:4)
  3 hounds
  A jelly (D:6)
  A centaur zombie (D:5)
  2 orc priests
  A bullfrog skeleton (D:5)
  An iguana (D:6)
  An orc wizard (D:6)
  6 gnolls
  6 adders
  A white imp (D:6)
  3 ufetubi
  4 worms
  12 orcs
  8 endoplasms
  2 giant cockroaches
  4 goblins
  4 hobgoblins
  5 jackals (D:2)
  3 quokkas
  6 ball pythons
  2 bats
  5 frilled lizards
  6 kobolds
  7 rats
110 creatures vanquished.

Notes
Turn   | Place    | Note
-------+----------+-------------------------------------------
     0 | D:1      | crimpus the Minotaur Fighter began the quest for the Orb.
     0 | D:1      | Reached XP level 1. HP: 19/19 MP: 0/0
   159 | D:1      | Reached XP level 2. HP: 27/27 MP: 1/1
   322 | D:1      | Found Xoeplem's Distillery.
   470 | D:2      | Reached skill level 4 in Armour
   615 | D:2      | Reached XP level 3. HP: 33/33 MP: 2/2
  1451 | D:2      | Reached XP level 4. HP: 19/41 MP: 3/3
  2160 | D:3      | Found a faded altar of an unknown god.
  2393 | D:3      | Found a shadowy altar of Dithmenos.
  2514 | D:3      | Found a glowing silver altar of Zin.
  2514 | D:3      | Found a hazy altar of Hepliaklqana.
  2800 | D:4      | Reached skill level 5 in Armour
  2847 | D:4      | Noticed an ogre
  2858 | D:4      | Killed an ogre
  2859 | D:4      | Reached skill level 5 in Fighting
  2859 | D:4      | Reached XP level 5. HP: 45/48 MP: 4/4
  2967 | D:4      | Reached skill level 1 in Dodging
  3009 | D:4      | Reached skill level 6 in Armour
  3009 | D:4      | Reached XP level 6. HP: 54/56 MP: 5/5
  3808 | D:5      | Entered Level 5 of the Dungeon
  3818 | D:5      | Reached skill level 5 in Shields
  3820 | D:5      | Reached skill level 7 in Armour
  3820 | D:5      | Reached XP level 7. HP: 62/63 MP: 6/6
  4505 | D:6      | Reached skill level 8 in Armour
  4716 | D:6      | Reached XP level 8. HP: 62/73 MP: 7/7
  4805 | D:6      | Found an ornate altar of the Wu Jian Council.
  4852 | D:6      | Became a worshipper of the Wu Jian Council
  4878 | D:6      | Found Caoss's Jewellery Shoppe.
  5019 | D:6      | Reached skill level 9 in Armour
  5038 | D:6      | Noticed a two-headed ogre
  5051 | D:6      | Found a staircase to the Ecumenical Temple.
  6754 | D:7      | HP: 3/74 [poisoned by a killer bee]
  6755 | D:7      | Succumbed to a killer bee's poison

Illustrated notes

Levels and vault maps discovered:
D:1:      onia_arrival_handbag, layout_rooms, serial_shops,
          nicolae_lakefront_shop, kennysheep_nondescript, minmay_lizard_pond
D:2:      cheibrodos_pilgrimage, layout_basic, amcnicky_mini_corridor_feature
D:3:      layout_loops_ring, old_standard_altar, gammafunk_temple_overflow_wave,
          chequers_ecumenical_altar_simple
D:4:      layout_rooms
D:5:      layout_rooms
D:6:      layout_cave_pools, nicolae_overflow_crystal_walls,
          minmay_temple_entry_mist, serial_shops, shop
D:7:      nicolae_whirlpool, layout_cave_pools,
          nicolae_kikubaaqudgha_miasma_corner, uniq_crazy_yiuf_cottage

Skill      XL: |  1  2  3  4  5  6  7  8 |
---------------+-------------------------+-----
Shields        | 4 5 6 |  6.7
Fighting       | 4 5 6 7 8 |  8.3
Armour         | 4 5 6 7 8 9 |  9.8
Dodging        | 1 2 |  2.2
Axes           | |  2.7

Action                   |  1- 3 |  4- 6 |  7- 9 || total
-------------------------+-------+-------+-------++-------
Melee: War axe           |    67 |    50 |       ||   117
       Headbutt          |     5 |    25 |    23 ||    53
       Mace              |       |    98 |   167 ||   265
Invok: Lunge             |       |       |     7 ||     7
  Use: Scroll            |     2 |     3 |     4 ||     9
       Potion            |       |       |     3 ||     3
Armor: Scale mail        |    27 |       |       ||    27
       Plate armour      |    12 |    95 |   180 ||   287
Dodge: Dodged            |    23 |    57 |    76 ||   156
Block: Buckler           |    15 |    27 |    59 ||   101
